 Dungeon Crawl Stone Soup version 0.30.1-9-gdf580d7c3d (webtiles) character file.

Game seed: 16057630932721886383

112 Ijustatesigmund the Digger (level 4, -2/25 HPs)
             Began as a Gargoyle Earth Elementalist on Oct 25, 2023.
             Slain by a quokka (3 damage)
             ... on level 4 of the Dungeon.
             The game lasted 00:04:56 (2547 turns).

Ijustatesigmund the Digger (GrEE)                   Turns: 2547, Time: 00:04:57

Health: -2/25      AC:  7    Str: 11    XL:     4   Next: 93%
Magic:  7/8        EV: 11    Int: 18    God:
Gold:   122        SH:  0    Dex: 10    Spells: 4/8 levels left

rFire   . . .        e - +0 flail
rCold   . . .        (no shield)
rNeg    + . .        a - +0 robe
rPois   ∞            (no helmet)
rElec   +            i - +1 cloak
rCorr   .            (no gloves)
SInv    .            (no boots)
Will    .....        j - amulet of magic regeneration
Stlth   ++           (no ring)
HPRegen 0.24/turn    (no ring)
MPRegen 0.51/turn

%: no passive effects
@: no status effects
A: sickness immunity, AC +3, negative energy resistance 1, electricity
resistance, torment resistance 1, petrification resistance
a: no special abilities


You were on level 4 of the Dungeon.
You visited 1 branch of the dungeon, and saw 4 of its levels.

You collected 142 gold pieces.
You spent 20 gold pieces at shops.

Inventory:

Hand Weapons
 e - a +0 flail (weapon)
Armour
 a - a +0 robe (worn)
 i - a +1 cloak (worn)
Jewellery
 j - an amulet of magic regeneration (around neck)
Scrolls
 c - a scroll of silence {unknown}
 d - a scroll of poison {unknown}
 h - a scroll of summoning {unknown}
 k - 3 scrolls of enchant armour
 l - a scroll of teleportation {unknown}
 m - a scroll of identify {unknown}
 n - a scroll of noise {unknown}
 o - a scroll of blinking {unknown}
Potions
 b - a potion of magic
 f - 3 potions of brilliance {unknown}
 g - a potion of degeneration {unknown}
 p - a potion of lignification {unknown}


   Skills:
 - Level 1.4 Fighting
 - Level 1.5 Dodging
 - Level 2.1 Stealth
 + Level 2.9 Spellcasting
 * Level 2.5 Conjurations
 - Level 0.7 Transmutations
 + Level 4.6 Earth Magic


You had 4 spell levels left.
You knew the following spells:

 Your Spells              Type           Power      Damage    Failure   Level
a - Sandblast             Erth           38%        2d10      2%          1
b - Stone Arrow           Conj/Erth      30%        3d8       12%         3

Your spell library contained the following spells:

 Spells                   Type           Power      Damage    Failure   Level
 Passwall                 Tmut/Erth      10%        N/A       9%          2
 Petrify                  Tmut/Erth      12%        N/A       50%         4


Dungeon Overview and Level Annotations

Branches:
Dungeon (4/15)
 Temple: D:4-7

Altars:
Fedhas

Shops:
D:1 (*


Innate Abilities, Weirdness & Mutations

You are immune to sickness and miasma.
Your stone body is resilient. (AC +3)
You are immune to poison.
You resist negative energy. (rN+)
You are resistant to electric shocks. (rElec)
You are resistant to unholy torment.
You are immune to petrification.


Message History

The ball python bites you but does no damage.
The ball python constricts you. The ball python closely misses you.
The ball python constricts you.
You closely miss the ball python. The ball python closely misses you.
The ball python constricts you.
You hit the ball python but do no damage.
The ball python closely misses you. The ball python constricts you.
The ball python barely misses you. The ball python constricts you.
You hit the ball python.
You kill the ball python!
Casting: Sandblast (safe; 2% risk of failure)
Confirm with . or Enter, or press ? or * to list all spells.
Aiming: Sandblast (safe; 2% risk of failure)
Press: ? - help, Shift-Dir - straight line, f/p - iguana
Aim: an iguana (moderately wounded, 84% to hit)
The blast of sand hits the iguana.
The iguana is moderately wounded.
The iguana bites you!
The quokka bites you but does no damage.
The iguana bites you but does no damage.
Casting: Sandblast (safe; 2% risk of failure)
Confirm with . or Enter, or press ? or * to list all spells.
Aiming: Sandblast (safe; 2% risk of failure)
Press: ? - help, Shift-Dir - straight line, f/p - iguana
Aim: an iguana (moderately wounded, 84% to hit)
The blast of sand hits the iguana.
The iguana is severely wounded.
The quokka bites you.
The iguana bites you but does no damage.
The quokka bites you but does no damage.
Unknown command.
Casting: Sandblast (safe; 2% risk of failure)
Confirm with . or Enter, or press ? or * to list all spells.
Aiming: Sandblast (safe; 2% risk of failure)
Press: ? - help, Shift-Dir - straight line, f/p - iguana
Aim: an iguana (severely wounded, 84% to hit)
The blast of sand misses the iguana.
The iguana bites you!
* * * LOW HITPOINT WARNING * * *
The quokka bites you.
You die...

..... #.#.# #.#.#
#.#.## #.#
#....## #.#
#######.<...###.#
#..K.........K#.#
#.#####.r...#l#.#
.......<...##@#.#
#.###.....###r#.#
#...#####.#.#
##.....<....#
#..#####.### #..#
#.# .... ..# #..#
####


You could see an iguana, a quokka and a kobold.

Vanquished Creatures
  4 gnolls (D:3)
  An adder (D:3)
  A white imp (D:3)
  A worm (D:3)
  An orc (D:3)
  3 bats
  9 endoplasms
  A giant cockroach (D:1)
  5 goblins
  4 hobgoblins
  A jackal (D:3)
  2 kobolds
  3 quokkas
  7 ball pythons
  3 frilled lizards
  4 rats
50 creatures vanquished.

Notes
Turn   | Place    | Note
-------+----------+-------------------------------------------
     0 | D:1      | Ijustatesigmund the Gargoyle Earth Elementalist began the
                  | quest for the Orb.
     0 | D:1      | Reached XP level 1. HP: 10/10 MP: 3/3
    60 | D:1      | Found Gutiv's Assorted Antiques.
   122 | D:1      | Reached XP level 2. HP: 16/16 MP: 1/5
   165 | D:1      | Bought a scroll labelled FUDWUF AMNU for 20 gold pieces
   229 | D:1      | Reached skill level 1 in Fighting
   264 | D:1      | Reached skill level 4 in Earth Magic
   412 | D:1      | Found Qyeckek's Weapon Boutique.
   910 | D:2      | Reached XP level 3. HP: 20/20 MP: 4/6
   914 | D:2      | Learned a level 3 spell: Stone Arrow
  1121 | D:2      | Found a blossoming altar of Fedhas.
  1501 | D:3      | Reached skill level 1 in Conjurations
  1641 | D:3      | Reached XP level 4. HP: 16/25 MP: 5/8
  2547 | D:4      | HP: 1/25 [iguana (9)]
  2547 | D:4      | Slain by a quokka

Illustrated notes

Levels and vault maps discovered:
D:1:      lightli_molten_gateway, layout_basic, serial_shops, shop,
          nicolae_shop_dealshenge
D:2:      layout_loops_cross, basic_altar
D:3:      layout_basic, minmay_misc_feat_secret_circle, minmay_crystal_water,
          st_stairs_12
D:4:      layout_loops_ring

Skill      XL: |  1  2  3  4 |
---------------+-------------+-----
Fighting       | 1 |  1.4
Earth Magic    | 4 |  4.6
Conjurations   | 1 2 |  2.5
Dodging        | |  1.5
Stealth        | |  2.1
Spellcasting   | |  2.9
Transmutations | |  0.7

Action                     |  1- 3 |  4- 6 || total
---------------------------+-------+-------++-------
  Melee: Flail             |       |    12 ||    12
   Cast: Sandblast         |    45 |    40 ||    85
    Use: Scroll            |       |     1 ||     1
 Armour: Robe              |     2 |    17 ||    19
  Dodge: Dodged            |     5 |    19 ||    24
